 Dungeon Crawl Stone Soup version 0.20.1-1-g8b1a95d (webtiles) character file.

37 Monsterracer the Shooter (level 3, 0/27 HPs)
             Began as a Barachi Arcane Marksman on Aug 18, 2017.
             Slain by an adder (4 damage)
             ... on level 2 of the Dungeon.
             The game lasted 00:03:27 (1530 turns).

Monsterracer the Shooter (Barachi Arcane Marksman)  Turns: 1530, Time: 00:03:28

Health: 0/27       AC:  3    Str: 12    XL:     3   Next: 39%
Magic:  4/4        EV: 12    Int: 13    God:
Gold:   81         SH:  0    Dex: 12    Spells: 3/4 levels left

rFire    . . .     SeeInvis .   a - +0 shortbow
rCold    . . .     Gourm    .   (shield currently unavailable)
rNeg     . . .     Faith    .   m - +0 leather armour
rPois    .         Spirit   .   (no helmet)
rElec    .         Reflect  .   (no cloak)
rCorr    .         Harm     .   (no gloves)
MR       .....                  (no boots)
Stlth    +.........             j - amulet of regeneration
Regen    0.5/turn               (no ring)
MPRegen  0.1/turn               (no ring)

@: lethally poisoned (0 -> 0), can't hop, slow
A: +LOS, swims, slowness 1, strong legs 1
a: Hop


You were on level 2 of the Dungeon.
You were not hungry.

You visited 1 branch of the dungeon, and saw 2 of its levels.

You collected 81 gold pieces.

Inventory:

Hand Weapons
 a - a +0 shortbow (weapon)
 b - a +0 short sword
Missiles
 d - 31 arrows (quivered)
Armour
 m - a +0 leather armour (worn)
Jewellery
 j - an amulet of regeneration (around neck)
Scrolls
 k - 2 scrolls of recharging {unknown}
Potions
 g - a potion of degeneration {unknown}
 i - a potion of brilliance {unknown}
Books
 c - a book of Debilitation

   Spells                             Type                      Level
   a - Corona                         Hexes                        1
   b - Slow                           Hexes                        2
   c - Inner Flame                    Hexes/Fire                   3
   d - Portal Projectile              Hexes/Translocation          3
   e - Cause Fear                     Hexes                        4
   f - Leda's Liquefaction            Hexes/Earth                  4
Comestibles
 f - a bread ration
 h - a meat ration


   Skills:
 + Level 2.0 Fighting
 * Level 3.4 Bows
 - Level 2.1 Dodging
 - Level 1.1 Spellcasting
 - Level 3.2 Hexes


You had 3 spell levels left.
You knew the following spells:

 Your Spells              Type           Power        Failure   Level  Hunger
a - Corona                Hex            #......      10%         1    ##.....


Dungeon Overview and Level Annotations

Branches:
Dungeon (2/15)

Altars:


Innate Abilities, Weirdness & Mutations

Shadows flee at your approach. (+LOS)
You can swim through water.
You cover ground slowly.
You can hop short distances.


Message History

* * * LOW HITPOINT WARNING * * *
Huge Dmg: -7%(-2hp) hp: 19%(5hp) Firing (i - inventory):
d - 34 arrows (quivered)
Press: ? - help, Shift-Dir - straight line, f/p - adder
Aim: an adder (severely wounded)
You shoot an arrow. The arrow closely misses the adder.
You feel sick. The adder barely misses you.
The adder bites you but does no damage.
Firing (i - inventory):
d - 33 arrows (quivered)
Press: ? - help, Shift-Dir - straight line, f/p - adder
Aim: an adder (severely wounded)
You shoot an arrow. The arrow closely misses the adder.
You feel sick. The adder bites you but does no damage.
Damage: -4%(-1hp) hp: 15%(4hp) Firing (i - inventory):
d - 32 arrows (quivered)
Press: ? - help, Shift-Dir - straight line, f/p - adder
Aim: an adder (severely wounded)
You shoot an arrow. The arrow hits the adder.
The adder is almost dead.
You feel sick. The adder bites you.
You die...

###########
(.......((#
#########.#
#.# #S# #@#
#.# #.# #.##
.########..##
............#
.########..##
#.......#
#.#####.######


You could see an adder.

Vanquished Creatures
  A dart slug (D:1)
  A giant cockroach (D:1)
  6 goblins (D:1)
  4 hobgoblins (D:1)
  9 jackals (D:1)
  2 kobolds (D:1)
  2 bats (D:1)
  A frilled lizard (D:1)
  A rat (D:1)
27 creatures vanquished.

Notes
Turn   | Place    | Note
-------+----------+-------------------------------------------
     0 | D:1      | Monsterracer the Barachi Arcane Marksman began the quest for the Orb.
     0 | D:1      | Reached XP level 1. HP: 15/15 MP: 2/2
    35 | D:1      | HP: 7/15 [giant cockroach (1)]
    44 | D:1      | Reached XP level 2. HP: 10/21 MP: 3/3
   256 | D:1      | HP: 7/21 [hobgoblin/club (4)]
   588 | D:1      | HP: 8/21 [jackal (3)]
   594 | D:1      | HP: 5/21 [jackal (1)]
   964 | D:1      | Reached XP level 3. HP: 26/26 MP: 4/4
  1519 | D:2      | HP: 13/27 [adder (4)]
  1524 | D:2      | HP: 7/27 [poisoned by an adder]
  1529 | D:2      | HP: 4/27 [poisoned by an adder]
  1530 | D:2      | Slain by an adder

Skill      XL: |  1  2  3 |
---------------+----------+-----
Bows           | 3 |  3.4
Fighting       | 2 |  2.0
Dodging        | |  2.1
Spellcasting   | |  1.1
Hexes          | |  3.2

Action                   || total
-------------------------++-------
Melee: Unarmed           ||     4
       Dagger            ||    32
       Short sword       ||    63
 Fire: Shortbow          ||    52
 Abil: Hop               ||     2
 Stab: Sleeping          ||     1
  Eat: Chunk             ||     2
Armor: Robe              ||    25
       Leather armour    ||     6
Dodge: Dodged            ||    99
